Map: Winter's Gate LE

Players

Mez

  • Race: Terran Terran
  • League: Master
  • Spawn Location: 5:00

A.I. 1 (Very Easy) - Winner!

  • Race: Terran Terran
  • Spawn Location: 11:00

VOD

Have the link to the VOD?

Description

Time

  • Played on: Aug. 27, 2019, 11:24 a.m.
  • Length: 3:49
Show
View Real Time Build Order
Export as new Build Order

Mez Terran 

Build Orders: Gas First Reaper Expand 

Get SALT Encoding   

  12  0:01  SCV  
  13  0:13  SCV  
  14  0:19  Supply Depot  
  14  0:25  SCV  
  14  0:27  Refinery  
  15  0:40  SCV  
  16  0:46  Barracks  
  16  0:53  SCV  
  17  1:05  SCV  
  18  1:17  SCV  
  19  1:33  Reaper  
  19  1:34  Orbital Command  
  20  1:47  Command Center  
  20  1:57  Factory  
  20  2:00  SCV  
  21  2:07  Barracks Reactor  
  21  2:12  SCV  
  21  2:15  Supply Depot  
  22  2:20  Refinery  
  23  2:30  SCV  
  23  2:43  Starport  
  23  2:49  Hellion x2  
  23  2:50  Barracks Tech Lab  
  23  2:51  SCV  
  28  2:59  Orbital Command  
  29  3:11  Hellion  
  31  3:16  Marauder, Hellion  
  36  3:33  Supply Depot  
Show
View Real Time Build Order
Export as new Build Order

A.I. 1 (Very Easy) Terran - Winner!

Build Orders:  

Get SALT Encoding   

  12  0:00  SCV  
  13  0:13  SCV  
  14  0:18  Supply Depot  
  14  0:37  Refinery  
  14  0:44  Barracks  
  14  1:03  Supply Depot  
  14  1:11  Refinery  
  14  1:29  SCV  
  15  1:33  Marine  
  16  1:41  SCV  
  17  1:53  SCV  
  18  2:05  SCV  
  18  2:06  Marine  
  20  2:17  SCV  
  21  2:29  SCV  
  22  2:38  Marine  
  22  2:41  Orbital Command  
Tags
 
Add a new tag
Caveats
  • Supply blocks, unpowered buildings, or Contaminate may cause inaccurate times.
  • Supply counts are checked every 10 seconds.